 Dungeon Crawl Stone Soup version 0.14.1-21-g36cd379 (console) character file.

6902 Magus the Martial Artist (level 10, -5/80 HPs)
             Began as a Demonspawn Air Elementalist on June 6, 2014.
             Was a Priest of Makhleb.
             Slain by a wolf (6 damage)
             ... in an ice cave.
             The game lasted 01:01:21 (8558 turns).

Magus the Martial Artist (DsAE)                     Turns: 8558, Time: 01:01:21

HP  -5/80        AC  7     Str 12      XL: 10   Next: 68%
MP  22/22        EV 14     Int 17      God: Makhleb [***...]
Gold 413         SH  0     Dex 13      Spells:  3 memorised, 14 levels left

rFire  . . .     SeeInvis +       - Unarmed
rCold  + . .     Clarity  .     D - +0 troll leather armour
rNeg   . . .     Conserve .     (no shield)
rPois  .         rCorr    .     (helmet restricted)
rElec  .         rRot     .     m - +2 cloak
SustAb . .       Spirit   .     (no gloves)
rMut   .         Warding  .     (no boots)
Saprov . . .     Stasis   .     (no amulet)
MR     .....                    G - ring of protection from cold
                                k - ring of see invisible

@: invisible, very slightly contaminated, not resistant to hostile enchantments,
fairly stealthy
A: claws 2, hooves 1, horns 1, nightstalker 1, powered by pain 1
a: Minor Destruction, Lesser Servant of Makhleb, Renounce Religion


You were in an ice cave.
You worshipped Makhleb.
Makhleb was most pleased with you.
You were not hungry.

You visited 2 branches of the dungeon, and saw 12 of its levels.
You also visited: Sewer and Ice Cave.

You collected 413 gold pieces.

Inventory:

Hand weapons
 a - a +1,+1 dagger of venom
 b - a +2,+4 quarterstaff of chaos
 B - a +0,+0 anti-magic morningstar
 K - a +1,+2 short sword of speed
Missiles
 y - a throwing net (quivered)
Armour
 m - a +2 cloak (worn)
 D - a +0 troll leather armour (worn)
 H - a +2 robe of cold resistance
Magical devices
 q - a wand of invisibility (5)
 r - a wand of slowing (9)
 s - a wand of frost (7)
 v - a wand of enslavement (1)
 z - a wand of polymorph (7)
 A - a wand of enslavement (12)
Comestibles
 c - 13 bread rations
 o - 2 meat rations
 t - 6 beef jerkies
 E - 3 chunks of wolf flesh
Scrolls
 e - a scroll of enchant armour
 i - a scroll of identify
 j - 4 scrolls of remove curse
 l - a scroll of blinking {unknown}
 n - 2 scrolls of amnesia
 u - 3 scrolls of enchant weapon II
 I - a scroll of fog
Jewellery
 k - a ring of see invisible (left claw)
 G - a ring of protection from cold (right claw)
Potions
 d - a potion of restore abilities
 f - a potion of lignification
 h - a potion of agility
 p - a potion of curing
 w - 2 potions of brilliance
 x - 2 potions of magic
 C - a potion of heal wounds
 L - a potion of might
Books
 g - a book of Air

   Spells                             Type                      Level
   *Shock                             Conjuration/Air              1
   *Swiftness                         Charms/Air                   2
   *Repel Missiles                    Charms/Air                   2
   Flight                             Charms/Air                   3
   Static Discharge                   Conjuration/Air              3
   Lightning Bolt                     Conjuration/Air              5


   Skills:
 + Level 7.6 Fighting
 * Level 3.1 Armour
 + Level 6.2 Dodging
 - Level 2.0 Stealth
 * Level 8.6 Unarmed Combat
 - Level 5.0 Spellcasting
 - Level 1.0 Conjurations
 + Level 6.1 Air Magic


You had 14 spell levels left.
You knew the following spells:

 Your Spells              Type           Power        Failure   Level  Hunger
a - Shock                 Conj/Air       ###.         3%          1    None
x - Repel Missiles        Chrm/Air       ##....       10%         2    #......
z - Swiftness             Chrm/Air       ##......     10%         2    #......


Dungeon Overview and Level Annotations

Branches:
Dungeon (12/15)            Temple (1/1) D:7            Lair (0/8) D:8
    Orc: D:9-12

Altars:
Ashenzari
Cheibriados
Dithmenos
Elyvilon
Fedhas
Kikubaaqudgha
Makhleb
Nemelex Xobeh
Okawaru
Sif Muna
Trog
Vehumet
Xom
Yredelemnul
Zin
The Shining One

Shops:
D:8 (


Innate Abilities, Weirdness & Mutations

You have very sharp fingernails.
You have large cloven feet.
You have a pair of small horns on your head.
You are slightly more attuned to the shadows.
You sometimes gain a little power by taking damage.


Message History

Press: ? - help, Shift-Dir - straight line, f - you, p - wolf You fade into invisibility!
You are very lightly contaminated with residual magic.
The wolf bites you. The wolf closely misses you.
The wolf completely misses you.
You miss the wolf. You headbutt the wolf.
The wolf is severely wounded.
The wolf misses you. The wolf bites you.
* * * LOW HITPOINT WARNING * * *
The wolf bites you.
* * * LOW HITPOINT WARNING * * *
You claw the wolf!
The wolf begins to bleed from its wounds!
The wolf is almost dead.
The wolf bites you!
* * * LOW HITPOINT WARNING * * *
The wolf bites you!
* * * LOW HITPOINT WARNING * * *
The wolf bites you.
You die...

##..#
##...#
##...##
#...##
#...##
##..%#
##...##
##..hh.##
#...@...#
#.......#
##..∩..##
##...##
#####


You could see 2 wolves.

Vanquished Creatures
  A manticore (D:12)
  A wolf (IceCv)
  A troll (D:9)
  A yak (IceCv)
  A wyvern (D:8)
  4 ugly things (D:12)
  A steam dragon (D:11)
  2 hippogriffs
  A hungry ghost (D:7)
  3 wargs (D:8)
  A water moccasin (D:8)
  2 orc warriors
  3 ice beasts
  A sky beast (D:5)
  A centaur (D:5)
  5 ogres
  Duvessa (D:6)
  Blork the orc (D:7)
  6 giant frogs
  2 big kobolds
  2 scorpions
  3 wights (D:9)
  8 killer bees (D:8)
  A hippogriff zombie (D:6)
  A yak skeleton (D:7)
  2 goliath beetles
  A gnoll shaman (D:6)
  3 hounds
  2 jellies
  Crazy Yiuf (D:2)
  5 orc priests
  A giant frog skeleton (D:4)
  3 orc wizards
  3 iguanas
  8 worker ants
  Ijyb (D:4)
  9 gnolls
  A worker ant zombie (D:5)
  9 adders
  2 green rats (D:3)
  An inept feature mimic (D:7)
  5 worms
  4 giant geckos
  2 oozes
  25 orcs
  A bat skeleton (D:6)
  3 giant cockroaches
  14 hobgoblins
  3 jackals
  18 kobolds
  2 ball pythons
  14 bats
  2 giant newts
  A giant spore (D:6)
  12 goblins
  A goblin skeleton (D:4)
  A kobold skeleton (D:7)
  A kobold zombie (D:6)
  4 quokkas
  41 rats
260 creatures vanquished.

Vanquished Creatures (collateral kills)
  A gargoyle (D:9)
  A polar bear (IceCv)
  A deep elf mage (D:12)
  4 wolves (IceCv)
  2 killer bees (D:8)
  Dowan (D:6)
  An orc wizard (D:9)
  A worm (D:9)
  7 orcs
  A quokka (D:7)
  A rat (D:8)
21 creatures vanquished.

Vanquished Creatures (others)
  An adder (D:7)
1 creature vanquished.

Grand Total: 282 creatures vanquished

Notes
Turn   | Place    | Note
--------------------------------------------------------------
     0 | D:1      | Magus, the Demonspawn Air Elementalist, began the quest for the Orb.
     0 | D:1      | Reached XP level 1. HP: 13/13 MP: 3/3
   225 | D:1      | Reached skill level 1 in Fighting
   325 | D:1      | Gained mutation: You have sharp fingernails. [demonic ancestry]
   325 | D:1      | Reached XP level 2. HP: 5/21 MP: 0/4
   744 | D:2      | Gained mutation: You have large cloven feet. [demonic ancestry]
   744 | D:2      | Reached XP level 3. HP: 24/26 MP: 3/6
   969 | D:2      | Noticed Crazy Yiuf
  1001 | D:2      | HP: 1/26 [Crazy Yiuf/quarterstaff of chaos (6)]
  1028 | D:2      | Killed Crazy Yiuf
  1028 | D:2      | Reached skill level 1 in Unarmed Combat
  1028 | D:2      | Reached skill level 3 in Air Magic
  1174 | D:2      | Gained mutation: You sometimes gain a little power by taking damage. [demonic ancestry]
  1174 | D:2      | Reached XP level 4. HP: 26/33 MP: 4/8
  1538 | D:3      | Found a glowing drain.
  1621 | Sewer    | Entered a sewer
  1729 | Sewer    | Gained mutation: You are slightly more attuned to the shadows. [demonic ancestry]
  1729 | Sewer    | Reached XP level 5. HP: 40/40 MP: 4/9
  2412 | D:4      | Noticed an ogre
  2469 | D:4      | Noticed an ogre
  2555 | D:4      | Killed an ogre
  2555 | D:4      | Gained mutation: You have very sharp fingernails. [demonic ancestry]
  2555 | D:4      | Reached XP level 6. HP: 26/48 MP: 12/12
  2768 | D:4      | Reached skill level 4 in Fighting
  2784 | D:4      | Noticed Ijyb
  2792 | D:4      | Killed Ijyb
  2953 | D:4      | Killed an ogre
  2953 | D:4      | Gained mutation: You have a pair of small horns on your head. [demonic ancestry]
  2953 | D:4      | Reached XP level 7. HP: 54/54 MP: 12/15
  3056 | D:5      | Entered Level 5 of the Dungeon
  3131 | D:5      | Learned a level 2 spell: Repel Missiles
  3134 | D:5      | Learned a level 2 spell: Swiftness
  3507 | D:5      | Found a glowing silver altar of Zin.
  3672 | D:5      | Reached skill level 5 in Fighting
  3911 | D:5      | Reached XP level 8. HP: 14/62 MP: 15/18
  4186 | D:6      | Noticed Dowan
  4188 | D:6      | Noticed Duvessa
  4261 | D:6      | Killed Dowan
  4463 | D:6      | Reached skill level 5 in Unarmed Combat
  4788 | D:6      | Killed Duvessa
  5078 | D:7      | Found a staircase to the Ecumenical Temple.
  5158 | D:7      | Reached XP level 9. HP: 38/69 MP: 20/20
  5173 | D:7      | Reached skill level 6 in Fighting
  5199 | D:7      | Found a burning altar of Makhleb.
  5207 | D:7      | Became a worshipper of Makhleb the Destroyer
  5212 | D:7      | Found a deep blue altar of Sif Muna.
  5217 | D:7      | Found a shattered altar of Ashenzari.
  5254 | D:7      | Found a sand-covered staircase.
  5255 | D:7      | the sand-covered staircase was a mimic.
  5281 | D:7      | Noticed Blork the orc
  5301 | D:7      | Killed Blork the orc
  5374 | D:7      | Reached skill level 5 in Spellcasting
  5666 | Temple   | Entered the Ecumenical Temple
  6438 | D:8      | Acquired Makhleb's first power
  6575 | D:8      | Reached skill level 5 in Dodging
  6586 | D:8      | Reached skill level 5 in Air Magic
  6592 | D:8      | Reached skill level 7 in Unarmed Combat
  6749 | D:8      | Found Urarph's Weapon Shoppe.
  7185 | D:8      | Acquired Makhleb's second power
  7197 | D:8      | Found a staircase to the Lair.
  7327 | D:8      | Reached XP level 10. HP: 68/79 MP: 22/22
  7678 | D:9      | Reached skill level 8 in Unarmed Combat
  7854 | D:9      | You fall through a shaft for 3 floors!
  7861 | D:12     | Noticed a hill giant
  8019 | D:12     | Noticed a manticore
  8166 | D:12     | Reached skill level 1 in Armour
  8331 | D:12     | Killed a manticore
  8333 | D:12     | Acquired Makhleb's third power
  8442 | D:11     | Found a frozen archway.
  8449 | IceCv    | Entered an ice cave
  8558 | IceCv    | HP: 1/80 [wolf (10)]
  8558 | IceCv    | Slain by a wolf

Action                   |  1- 3 |  4- 6 |  7- 9 | 10-12 || total
-------------------------+-------+-------+-------+-------++-------
Melee: Dagger            |    41 |    95 |   240 |    39 ||   415
       Unarmed           |     4 |       |    49 |   102 ||   155
       Quarterstaff      |       |       |     8 |       ||     8
 Cast: Shock             |    44 |    83 |   192 |    22 ||   341
       Repel Missiles    |       |       |     1 |       ||     1
Evoke: Wand              |       |     2 |    21 |    13 ||    36
  Use: Scroll            |     5 |     8 |     8 |     2 ||    23
       Potion            |     1 |       |     6 |     3 ||    10
 Stab: Sleeping          |     2 |     1 |     6 |     1 ||    10
       Invisible         |       |       |     4 |       ||     4
